Map: Orbital Shipyard (3.0.5 Balance v1.0)

Players

rxrxYUKI - Winner!

  • Race: Protoss Protoss

Player 2

  • Race: Protoss Protoss

VOD

Have the link to the VOD?

Description

Time

  • Played on: Dec. 19, 2015, 9:01 a.m.
  • Length: 6:00
Show
View Real Time Build Order
Export as new Build Order

rxrxYUKI Protoss - Winner!

Build Orders:  

Get SALT Encoding   

  12  0:03  Probe (Chrono Boost)  
  13  0:13  Probe (Chrono Boost)  
  14  0:18  Pylon  
  14  0:24  Probe (Chrono Boost)  
  15  0:36  Probe (Chrono Boost)  
  16  0:43  Gateway  
  16  0:47  Probe (Chrono Boost)  
  17  0:53  Assimilator  
  17  0:58  Probe (Chrono Boost)  
  17  0:59  Assimilator  
  18  1:12  Probe (Chrono Boost)  
  18  1:13  Gateway  
  19  1:25  Probe (Chrono Boost)  
  20  1:33  Cybernetics Core  
  20  1:54  Pylon  
  20  2:09  Warp Gate  
  20  2:13  Gateway  
  20  2:15  Gateway  
  20  2:18  Adept x2  
  24  2:57  Pylon  
  24  2:58  Adept x2  
  28  3:05  Adept  
  30  3:15  Adept  
  30  3:18  Gateway  
  32  3:29  Adept x2  
  36  3:44  Adept  
  38  3:57  Pylon  
  38  3:58  Pylon  
  38  4:00  Pylon  
  38  4:02  Pylon  
  38  4:33  Stalker x3  
  38  4:34  Stalker x2  
  44  5:10  Stalker x2  
  44  5:11  Stalker x2  
Show
View Real Time Build Order
Export as new Build Order

Player 2 Protoss 

Build Orders:  

Get SALT Encoding   

  12  0:01  Probe (Chrono Boost)  
  13  0:11  Probe (Chrono Boost)  
  14  0:20  Pylon  
  14  0:22  Probe (Chrono Boost)  
  15  0:38  Probe (Chrono Boost)  
  16  0:46  Assimilator  
  16  0:49  Probe (Chrono Boost), Gateway  
  17  0:58  Pylon  
  17  1:00  Probe (Chrono Boost)  
  18  1:29  Gateway  
  18  1:33  Assimilator  
  18  1:39  Cybernetics Core  
  18  1:43  Zealot  
  20  2:04  Pylon  
  20  2:08  Zealot  
  20  2:11  Warp Gate  
  22  2:22  Adept  
  24  2:36  Adept  
  26  2:50  Adept  
  28  2:53  Pylon  
  28  2:54  Probe (Chrono Boost)  
  29  3:03  Stalker  
  32  3:06  Probe (Chrono Boost)  
  32  3:16  Forge  
  32  3:17  Adept  
  32  3:18  Probe (Chrono Boost)  
  35  3:29  Probe (Chrono Boost)  
  35  3:32  Adept  
  38  3:40  Probe (Chrono Boost)  
  39  3:53  Probe (Chrono Boost)  
  40  4:50  Zealot  
  38  4:53  Pylon  
  38  4:57  Stalker  
  24  5:09  Zealot  
  26  5:19  Stalker  
  28  5:21  Probe (Chrono Boost)  
  28  5:23  Pylon  
  28  5:28  Stalker  
  28  5:29  Pylon  
  28  5:31  Nexus  
  28  5:33  Probe (Chrono Boost)  
  29  5:40  Adept  
  26  5:47  Pylon  
  5  5:58  Zealot  
Tags
 
Add a new tag
Caveats
  • Supply blocks, unpowered buildings, or Contaminate may cause inaccurate times.
  • Supply counts are checked every 10 seconds.